AoeStats
← OptimusPrime

Arabia

511026344Analyzed
1v1 RM · 9h ago on Oct 3, 2026· 53m 44s· 2 players
Game mode
Random Map
Map size
Tiny (2 player)
Population
200
Speed
Normal
Resources
Standard
Victory
Conquest
Starting age
Dark Age
Ending age
Imperial Age
RankedLock teamsTeams togetherTeam positionsShared explorationLock speedFull tech treeHidden civsTurbo modeCheats
Victory
Defeat
🇹🇷 Mongols · Türkiye
1103
+16
🇩🇪 Mongols · Germany
1097
-16
dom
7:50 Loom
9:55 Feudal Age
11:49 Double-Bit Axe
12:48 Scale Mail Armor
12:11 Man-at-Arms
14:27 Wheelbarrow
15:53 Horse Collar
24:43 Castle Age
23:42 Gold Mining
24:05 Stone Mining
25:16 Scale Barding Armor
25:45 Heavy Plow
25:29 Elite Skirmisher
26:23 Fletching
29:59 Bow Saw
29:42 Pikeman
31:56 Gold Shaft Mining
34:09 Bodkin Arrow
35:05 Ballistics
36:22 Bloodlines
37:07 Padded Archer Armor
39:10 Husbandry
42:36 Leather Archer Armor
43:30 Hand Cart
47:25 Imperial Age
45:47 Masonry
45:48 Thumb Ring
45:46 Squires
46:02 Forging
48:25 Bracer
49:57 Chain Mail Armor
50:39 Guard Tower
OptimusPrime
9:58 Feudal Age
8:14 Loom
21:32 Castle Age
19:33 Double-Bit Axe
19:42 Gold Mining
20:15 Horse Collar
22:27 Thumb Ring
23:54 Husbandry
24:47 Scale Barding Armor
27:54 Wheelbarrow
28:00 Fletching
29:01 Bloodlines
31:06 Bodkin Arrow
31:57 Padded Archer Armor
32:53 Ballistics
38:27 Forging
38:37 Chain Barding Armor
39:36 Heavy Plow
40:34 Iron Casting
44:40 Imperial Age
42:52 Gold Shaft Mining
42:27 Light Cavalry
44:40 Masonry
45:13 Bow Saw
45:24 Hand Cart
46:37 Blast Furnace
45:54 Leather Archer Armor
46:05 Conscription
46:15 Parthian Tactics
47:29 Chemistry
49:40 Capped Ram
52:15 Hoardings
Connection lost

Rejoining the realm…

Still unreachable

The connection could not be restored.

Session expired

The server has moved on; the page needs a fresh start.